Map: 死亡光环-天梯版

Players

夜蝶蝶蝶蝶蝶蝶蝶 (Firefly) - Winner!

  • Race: Protoss Protoss

TIME (Oliveira)

  • Race: Terran Terran
  • League: Master

Event: DreamHack SC2 Masters 2020 Fall

VOD

Have the link to the VOD?

Description

Time

  • Played on: Sept. 2, 2020, 8:55 a.m.
  • Length: 17:19

All games in this series

Show
View Real Time Build Order
Export as new Build Order

夜蝶蝶蝶蝶蝶蝶蝶 Protoss - Winner!

Build Orders: 1 Gate Expand, Blink Stalkers, Colossus Rush 

Get SALT Encoding   

  12  0:00  Probe  
  13  0:12  Probe  
  14  0:17  Pylon  
  14  0:24  Probe (Chrono Boost)  
  15  0:35  Gateway  
  15  0:36  Probe (Chrono Boost)  
  16  0:44  Probe (Chrono Boost)  
  16  0:47  Assimilator  
  17  0:51  Probe  
  18  1:03  Probe  
  19  1:15  Probe  
  20  1:23  Cybernetics Core  
  20  1:33  Nexus  
  20  1:38  Pylon  
  20  1:42  Probe  
  21  1:48  Assimilator  
  21  1:54  Probe  
  21  1:57  Adept (Chrono Boost)  
  21  2:00  Warp Gate  
  24  2:06  Probe  
  25  2:18  Probe  
  28  2:28  Twilight Council  
  26  2:30  Probe (Chrono Boost)  
  26  2:33  Stalker  
  29  2:42  Probe (Chrono Boost)  
  30  2:48  Probe (Chrono Boost)  
  32  2:52  Probe (Chrono Boost)  
  32  2:55  Probe (Chrono Boost)  
  34  2:58  Probe (Chrono Boost)  
  34  3:00  Probe (Chrono Boost)  
  34  3:02  Blink (Chrono Boost)  
  35  3:09  Probe  
  35  3:11  Stalker  
  35  3:12  Probe  
  39  3:17  Gateway  
  39  3:20  Gateway  
  39  3:21  Probe  
  39  3:24  Probe  
  39  3:27  Pylon  
  41  3:33  Probe  
  42  3:36  Robotics Facility  
  42  3:37  Probe  
  42  3:40  Shield Battery  
  43  3:45  Shield Battery  
  43  3:46  Probe  
  44  3:51  Probe  
  44  3:53  Stalker  
  47  3:58  Probe  
  47  4:01  Assimilator  
  48  4:03  Assimilator  
  48  4:04  Probe  
  49  4:11  Pylon  
  49  4:12  Stalker  
  49  4:14  Probe  
  49  4:15  Pylon  
  52  4:17  Stalker  
  54  4:29  Probe x2  
  54  4:31  Robotics Bay  
  56  4:34  Observer (Chrono Boost)  
  57  4:41  Probe  
  57  4:43  Stalker  
  60  4:50  Stalker  
  60  4:51  Warp Prism (Chrono Boost)  
  64  4:55  Pylon  
  64  5:04  Nexus  
  64  5:08  Probe  
  64  5:09  Pylon  
  65  5:15  Forge  
  65  5:16  Charge  
  65  5:17  Probe  
  66  5:24  Disruptor (Chrono Boost)  
  66  5:27  Extended Thermal Lance  
  69  5:29  Probe  
  69  5:31  Probe  
  71  5:41  Probe  
  72  5:43  Probe  
  72  5:44  Pylon  
  72  5:49  Colossus (Chrono Boost)  
  79  6:01  Stalker x2  
  81  6:08  Probe x2  
  72  6:18  Probe (Chrono Boost)  
  72  6:21  Probe (Chrono Boost)  
  72  6:25  Probe (Chrono Boost)  
  74  6:27  Gateway  
  74  6:29  Gateway  
  74  6:30  Probe (Chrono Boost)  
  76  6:33  Probe (Chrono Boost)  
  76  6:35  Probe (Chrono Boost)  
  76  6:36  Observer  
  76  6:37  Probe (Chrono Boost)  
  76  6:38  Probe (Chrono Boost), Stalker  
  82  6:42  Probe  
  82  6:45  Probe  
  84  6:54  Probe  
  85  7:03  Protoss Ground Weapons Level 1 (Chrono Boost)  
  85  7:10  Probe x2  
  85  7:12  Probe  
  86  7:17  Pylon  
  86  7:18  Colossus (Chrono Boost)  
  93  7:22  Probe  
  93  7:23  Probe  
  93  7:25  Sentry x3  
  93  7:26  Probe  
  93  7:27  Gateway  
  93  7:28  Gateway  
  101  7:31  Gateway  
  101  7:35  Probe x2  
  102  7:46  Probe  
  102  7:47  Probe  
  102  7:49  Probe  
  105  7:54  Pylon  
  105  7:55  Pylon  
  105  7:57  Dark Shrine  
  105  7:58  Probe  
  105  8:00  Forge  
  105  8:01  Nexus  
  105  8:03  Pylon  
  104  8:10  Zealot x3  
  104  8:11  Colossus (Chrono Boost)  
  112  8:19  Shield Battery  
  112  8:21  Shield Battery  
  112  8:24  Stalker x2  
  110  8:41  Zealot x4  
  112  8:44  Shield Battery  
  112  8:46  Pylon  
  118  8:50  Zealot x2  
  118  8:54  Protoss Ground Armor Level 1 (Chrono Boost)  
  122  8:56  Probe x2  
  122  8:57  Probe  
  122  9:00  Gateway  
  122  9:01  Gateway  
  125  9:06  Zealot x3  
  137  9:10  Disruptor (Chrono Boost)  
  137  9:13  Probe x2  
  136  9:18  Gravitic Drive  
  136  9:22  Stalker x3  
  142  9:24  Probe x2  
  142  9:25  Probe x2  
  146  9:31  Stalker  
  146  9:32  Stalker x2, Protoss Ground Weapons Level 2 (Chrono Boost)  
  146  9:36  Pylon  
  152  9:48  Dark Templar x3  
  158  9:59  Zealot x5  
  168  10:01  Probe  
  168  10:02  Probe x2  
  168  10:03  Assimilator  
  168  10:04  Pylon, Assimilator  
  167  10:22  Zealot x3  
  167  10:23  Zealot x3  
  175  10:32  Zealot x2  
  179  10:40  Disruptor  
  179  10:43  Robotics Facility  
  179  10:47  Pylon  
  179  10:53  Gateway  
  177  10:58  Gateway  
  177  11:00  Gateway  
  177  11:06  Zealot x4  
  177  11:07  Zealot  
  185  11:15  Warp Prism  
  185  11:17  Shadow Stride  
  183  11:27  Robotics Facility  
  183  11:34  Dark Templar x4  
  187  11:40  Zealot  
  187  11:46  Disruptor  
  173  11:51  Disruptor  
  172  11:57  Stalker x5  
  172  11:59  Protoss Ground Armor Level 2, Dark Templar x3  
  176  12:02  Assimilator x2  
  176  12:18  Nexus  
  174  12:26  Stalker x4, Nexus  
  174  12:28  Zealot x3  
  186  12:46  Pylon  
  186  12:49  Pylon  
  186  13:04  Nexus  
  184  13:06  Pylon  
  184  13:13  Dark Templar x2  
  184  13:14  Zealot x2, Dark Templar x2  
  184  13:15  Zealot x2  
  192  13:39  Disruptor x2  
  198  13:42  Protoss Ground Weapons Level 3  
  198  13:48  Stargate  
  192  13:49  Dark Templar x3  
  192  13:50  Dark Templar  
  200  14:00  Protoss Air Weapons Level 1  
  200  14:07  Disruptor  
  164  14:15  Disruptor  
  164  14:16  Dark Templar x4  
  164  14:17  Zealot x3  
  151  14:29  Stalker x4  
  145  14:36  Probe x3  
  148  14:39  Zealot x3  
  148  14:41  Assimilator  
  154  14:47  Assimilator  
  154  14:48  Zealot x3  
  154  14:49  Zealot  
  154  14:50  Disruptor  
  159  15:09  Dark Templar x6  
  159  15:12  Zealot x4  
  163  15:33  Zealot x5  
  164  15:39  Disruptor  
  164  15:40  Disruptor x2  
  166  15:48  Zealot x6  
  154  16:00  Stalker x5  
  162  16:10  Zealot x5, Dark Templar  
  149  16:26  Nexus, Disruptor x3  
  149  16:28  Stalker  
  149  16:29  Stalker x4  
  163  16:46  Dark Templar x2  
  161  16:57  Dark Templar x3  
  161  16:58  Zealot x4  
Show
View Real Time Build Order
Export as new Build Order

TIME Terran 

Build Orders: Liberator Opening 

Get SALT Encoding   

  12  0:00  SCV  
  13  0:12  SCV  
  14  0:17  Supply Depot  
  14  0:24  SCV  
  15  0:38  SCV  
  15  0:39  Barracks  
  16  0:43  Refinery  
  16  0:51  SCV  
  17  1:03  SCV  
  18  1:15  SCV  
  19  1:27  Orbital Command, Marine  
  20  1:45  Command Center  
  20  1:46  Barracks Reactor  
  20  1:53  SCV  
  21  1:57  Supply Depot  
  21  2:05  SCV  
  22  2:11  Factory  
  22  2:17  SCV  
  22  2:18  Refinery  
  22  2:22  Marine x2  
  24  2:29  SCV  
  26  2:40  Marine x2  
  26  2:41  SCV  
  29  2:53  SCV  
  29  2:55  Starport  
  29  2:56  Widow Mine  
  29  2:57  Orbital Command  
  32  3:02  Marine  
  32  3:05  Marine  
  35  3:12  SCV  
  35  3:18  Widow Mine  
  37  3:22  Marine  
  37  3:23  Marine  
  37  3:24  SCV  
  37  3:25  SCV  
  41  3:27  Supply Depot  
  41  3:31  Medivac  
  43  3:36  SCV  
  43  3:37  SCV  
  43  3:39  Marine  
  43  3:40  Factory Tech Lab  
  46  3:46  Supply Depot  
  46  3:48  Marine  
  46  3:49  SCV  
  46  3:50  SCV  
  49  3:57  Marine  
  49  3:59  Siege Tank  
  53  4:03  SCV  
  53  4:07  Liberator  
  53  4:08  SCV  
  53  4:09  Supply Depot, Marine  
  59  4:15  SCV  
  60  4:19  Marine  
  60  4:20  SCV  
  60  4:23  Bunker  
  62  4:31  Supply Depot, Marine, Siege Tank  
  63  4:33  Supply Depot  
  63  4:35  SCV  
  63  4:37  Marine  
  68  4:40  SCV  
  69  4:47  SCV  
  70  4:54  Marine x2  
  70  4:59  Starport Tech Lab  
  72  5:00  SCV  
  72  5:02  Command Center  
  72  5:04  Siege Tank  
  76  5:08  SCV  
  76  5:12  Marine x2  
  79  5:14  Barracks  
  79  5:17  Supply Depot  
  79  5:21  SCV  
  79  5:22  Barracks  
  79  5:23  SCV  
  79  5:27  Refinery  
  81  5:29  Refinery  
  81  5:33  Marine x2  
  83  5:37  SCV  
  83  5:40  Siege Tank  
  83  5:41  SCV  
  88  5:50  Marine  
  89  5:59  SCV  
  89  6:01  SCV  
  76  6:06  Marine  
  76  6:07  Viking  
  76  6:08  Barracks Tech Lab  
  76  6:10  Stimpack  
  76  6:11  SCV, Engineering Bay  
  76  6:12  Engineering Bay  
  76  6:16  Siege Tank  
  76  6:18  Marauder, Marine  
  74  6:22  Orbital Command  
  74  6:23  SCV  
  75  6:26  Marine  
  75  6:28  Marauder  
  75  6:32  Combat Shield  
  78  6:38  Starport Reactor, Marine  
  78  6:39  SCV  
  82  6:40  Marauder  
  82  6:43  Terran Infantry Weapons Level 1  
  82  6:44  SCV  
  83  6:48  Orbital Command, Marine  
  83  6:52  SCV  
  81  6:56  Marine  
  81  6:57  Marauder  
  81  6:58  Siege Tank  
  81  6:59  Barracks  
  81  7:00  Terran Infantry Armor Level 1  
  87  7:02  SCV, Barracks  
  87  7:06  SCV, Marauder  
  88  7:11  Marine  
  88  7:14  SCV x2  
  87  7:18  SCV  
  86  7:25  Marauder, Marine  
  86  7:26  SCV x2  
  86  7:28  Medivac  
  86  7:29  Supply Depot  
  93  7:30  SCV, Medivac, Marine  
  97  7:38  SCV x2, Supply Depot  
  97  7:40  Siege Tank  
  97  7:43  SCV  
  103  7:46  Marine  
  103  7:47  Marauder  
  103  7:50  SCV x2  
  106  7:52  Supply Depot  
  106  7:53  Barracks Reactor  
  106  7:54  Barracks Reactor  
  106  7:55  SCV  
  106  7:57  Barracks Tech Lab  
  107  7:59  Marine  
  107  8:00  Marauder  
  107  8:02  SCV, Medivac  
  107  8:03  SCV  
  112  8:07  SCV  
  112  8:08  Marine  
  112  8:09  Marauder  
  106  8:14  SCV  
  106  8:15  SCV  
  106  8:17  Marine  
  106  8:19  SCV  
  107  8:20  Armory  
  107  8:21  Marine x2  
  107  8:26  SCV, Marine  
  109  8:27  SCV  
  109  8:30  Marauder  
  109  8:31  SCV  
  108  8:35  Marine  
  108  8:38  SCV  
  108  8:39  SCV, Marauder  
  108  8:43  SCV, Siege Tank  
  108  8:45  Viking  
  108  8:46  Viking  
  116  8:51  SCV x2  
  116  8:55  SCV, Marauder  
  121  8:57  Command Center  
  121  9:02  Supply Depot, Refinery x2  
  120  9:03  SCV x2  
  120  9:04  Marauder  
  124  9:10  Terran Infantry Weapons Level 2  
  124  9:11  SCV  
  124  9:15  SCV x2  
  127  9:18  Marauder x2  
  131  9:24  Supply Depot x2  
  131  9:25  Supply Depot  
  131  9:27  SCV  
  131  9:30  Terran Infantry Armor Level 2  
  132  9:33  Marine x2  
  132  9:35  SCV x2  
  136  9:39  Marauder, Marine  
  136  9:40  Sensor Tower  
  136  9:43  Marine  
  140  9:45  Missile Turret  
  140  9:47  Missile Turret x2  
  140  9:49  Marauder x2, Ghost Academy  
  140  9:51  Marine x2  
  146  9:53  Siege Tank  
  149  10:00  Viking  
  151  10:07  Viking  
  149  10:16  Marauder, Marine x2  
  149  10:18  SCV  
  141  10:31  Ghost, Marine x2  
  141  10:33  Siege Tank  
  141  10:34  SCV  
  148  10:47  Refinery  
  148  10:48  Supply Depot x2  
  148  10:50  Supply Depot, Sensor Tower  
  148  10:51  Supply Depot  
  148  10:55  Barracks Tech Lab  
  148  11:11  SCV x3, Marine x3  
  148  11:14  Viking x2  
  161  11:18  Siege Tank  
  161  11:21  Supply Depot, Ghost  
  161  11:22  Supply Depot  
  161  11:23  SCV, Supply Depot  
  164  11:30  SCV, Planetary Fortress  
  164  11:31  SCV  
  161  11:35  Marauder, Marine x3  
  161  11:36  SCV  
  162  11:44  Ghost  
  162  11:46  SCV  
  158  11:51  Ghost  
  160  11:54  Marine  
  160  11:55  SCV x2  
  160  11:58  Refinery x2  
  160  11:59  SCV  
  160  12:00  Marine  
  165  12:05  Ghost  
  167  12:09  SCV  
  167  12:11  Marine  
  167  12:13  SCV  
  167  12:15  Missile Turret  
  170  12:21  Enhanced Shockwaves  
  170  12:27  Barracks x2  
  170  12:30  Barracks  
  170  12:37  Sensor Tower  
  170  12:39  Supply Depot  
  170  12:41  Supply Depot, Sensor Tower  
  170  12:44  Terran Infantry Weapons Level 3  
  160  12:51  Terran Infantry Armor Level 3  
  160  13:02  SCV x2, Ghost  
  164  13:06  SCV x2  
  164  13:07  Marine  
  164  13:16  Supply Depot x2  
  164  13:19  Supply Depot  
  164  13:20  Barracks Reactor  
  164  13:25  Barracks Tech Lab  
  164  13:27  Marine  
  164  13:37  Missile Turret x2  
  164  13:38  SCV x2, Medivac, Marauder x2  
  164  13:40  Medivac, Marauder, Barracks Tech Lab, Siege Tank  
  179  14:05  Marauder  
  179  14:06  Marauder x2  
  179  14:08  Marine x2  
  179  14:09  Marauder  
  180  14:10  SCV  
  177  14:21  Command Center  
  162  14:26  Marine x3  
  162  14:27  Marauder  
  162  14:28  SCV  
  165  14:31  Supply Depot  
  165  14:32  Supply Depot  
  165  14:33  Supply Depot, Siege Tank  
  165  14:34  Marauder, Marine x2  
  166  14:39  Marine x2  
  166  14:40  Marauder  
  166  14:41  Medivac x2  
  166  14:45  Marine x2  
  167  14:46  Marauder  
  169  14:53  SCV x2  
  170  15:01  Missile Turret  
  170  15:10  SCV  
  170  15:11  Marauder, Marine  
  159  15:27  Marine  
  139  15:29  SCV  
  139  15:32  SCV  
  122  15:35  Marine x2  
  122  15:36  Marauder  
  122  15:37  Medivac x2  
  122  15:38  Marine x2  
  122  15:39  Marauder  
  124  15:47  Marine x2  
  124  15:48  Marauder  
  98  15:57  Marine  
  98  15:59  SCV  
  94  16:10  Marine x2  
  77  16:25  Marine x2  
  77  16:29  Marine  
  80  16:36  Marine  
  67  16:49  Marine  
  63  16:58  Marine x2  

Tags
 
Add a new tag
Caveats
  • Supply blocks, unpowered buildings, or Contaminate may cause inaccurate times.
  • Supply counts are checked every 10 seconds.